 Dungeon Sprint DCSS version 0.31-a0-879-g1609e0ac53 (webtiles) character file.

Game seed: 103116096214027908

19676 sircluck the Brawler (level 12, -3/216 HPs)
             Began as a Troll Berserker on Oct 14, 2023.
             Was an Elder of Trog.
             Slain by the 27-headed Lernaean hydra (6 damage)
             ... in the Dungeon (Sprint I: "Red Sonja").
             The game lasted 00:12:55 (3468 turns).

sircluck the Brawler (Troll Berserker)              Turns: 3468, Time: 00:12:56

Health: -3/216     AC:  7    Str: 31    XL:     12   Next: 38%
Magic:  9/9        EV: 10    Int:  2    God:    Trog [****..]
Gold:   4          SH: 28    Dex: 13    Spells: 11/11 levels left

rFire   + .          .
                       - Unarmed
rCold   . . .        m - +18 shield of the Gong {Loud rN+ Will+ rCorr EV-5}
rNeg    + + .        t - +1 robe {rF+}
rPois   .            u - +0 mask of the Dragon {Will+ Slay+3 SInv}
rElec   .            s - +1 cloak
rCorr   +            (gloves unavailable)
SInv    +            (boots unavailable)
Will    ++...        w - amulet of regeneration Stlth
                     i - ring of positive energy
HPRegen 2.16/turn    v - ring of flight
MPRegen 0.11/turn

%: no teleportation
@: berserking, flying, studying Shields, very quick
A: large, unfitting armour, claws 3, regeneration 1, shaggy fur 1, tough skin 1,
hooves 1, agile 1, low MP 1
a: Renounce Religion, Berserk, Trog's Hand, Brothers in Arms


You were in the Dungeon.
You worshipped Trog.
Trog was greatly pleased with you.
You visited 1 branch You collected 4137 gold pieces.
You spent 4133 gold pieces at shops.

Inventory:

Missiles
 j - 30 stones
 n - 3 poisoned darts
Armour
 a - a +0 animal skin
 m - the +18 shield of the Gong (worn) {Loud rN+ Will+ rCorr EV-5}
   (You bought it in a shop in the Dungeon)

   Loud:      It is deafeningly noisy when blocking attacks.
   EV-5:      It affects your evasion (-5).
   rN+:       It protects you from negative energy.
   Will+:     It increases your willpower.
   rCorr:     It protects you from acid and corrosion.
 s - a +1 cloak (worn)
 t - a +1 robe of fire resistance (worn)
 u - the +0 mask of the Dragon (worn) {Will+ Slay+3 SInv}
   (You bought it in a shop in the Dungeon)

   Slay+3:    It affects your accuracy & damage with ranged weapons and melee
   (+3).
   Will+:     It increases your willpower.
   SInv:      It lets you see invisible.
Jewellery
 i - a ring of positive energy (left claw)
 v - a ring of flight (right claw)
 w - an amulet of regeneration (around neck)
Wands
 h - a wand of polymorph (4)
Scrolls
 c - 2 scrolls of immolation {unknown}
 g - 2 scrolls of identify {unknown}
 k - 3 scrolls of revelation
 l - a scroll of enchant armour {unknown}
 q - a scroll of butterflies {unknown}
Potions
 b - 3 potions of curing
 d - 2 potions of haste
 e - 2 potions of magic
 f - 2 potions of berserk rage
 p - a potion of brilliance {unknown}
Miscellaneous
 o - a tin of tremorstones (1/2)
 r - a box of beasts


   Skills:
 + Level 15.9 Fighting
 + Level 15.7 Dodging
 + Level 7.7 Shields
 + Level 18.4 Unarmed Combat


You had 11 spell levels left.
You didn't know any spells.
Your spell library was empty.

Dungeon Overview and Level Annotations

Branches:
Dungeon (1/1)

Altars:
Cheibriados
Dithmenos
Elyvilon
Fedhas
Gozag
Hepliaklqana
Kikubaaqudgha
Makhleb
Nemelex Xobeh
Okawaru
Qazlal
Ru
Sif Muna
Trog
Uskayaw
Vehumet
Wu Jian
Xom
Yredelemnul
Zin
The Shining One
Jiyva
Lugonu

Shops:
D ?=!*==*=?[*:![(*[:*[(*

Annotations:
D Lernaean hydra, Lom Lobon


Innate Abilities, Weirdness & Mutations

You are too large for most types of armour.
You have claws for hands.
Your natural rate of healing is unusually fast.
You are covered in fur. (AC +1)
You have tough skin. (AC +1)
You have large cloven feet.
You are agile. (Dex +4, Str/Int -1)
Your magical capacity is low. (-10% MP)


Message History

You are engulfed in whirling frost.
The ice encasing you melts away.
The 27-headed Lernaean hydra bites you but does no damage.
You block the 27-headed Lernaean hydra's attack.
GONNNNG!
The 27-headed Lernaean hydra misses you.
You block the 27-headed Lernaean hydra's attack.
BOUMMMMG!
The 27-headed Lernaean hydra bites you!
You block the 27-headed Lernaean hydra's attack.
PTOANNNG!
The 27-headed Lernaean hydra barely misses you.
The 27-headed Lernaean hydra bites you! The 27-headed Lernaean hydra bites you.
The 27-headed Lernaean hydra bites you!
* * * LOW HITPOINT WARNING * * *
The 27-headed Lernaean hydra bites you!
* * * LOW HITPOINT WARNING * * *
You block the 27-headed Lernaean hydra's attack.
PTOANNNG!
The 27-headed Lernaean hydra bites you!
* * * LOW HITPOINT WARNING * * *
The 27-headed Lernaean hydra bites you but does no damage.
The 27-headed Lernaean hydra bites you!
* * * LOW HITPOINT WARNING * * *
The 27-headed Lernaean hydra bites you!
* * * LOW HITPOINT WARNING * * *
The 27-headed Lernaean hydra bites you!
* * * LOW HITPOINT WARNING * * *
The 27-headed Lernaean hydra bites you.
* * * LOW HITPOINT WARNING * * *
You block the 27-headed Lernaean hydra's attack.
BOUMMMMG!
The 27-headed Lernaean hydra bites you.
* * * LOW HITPOINT WARNING * * *
The 27-headed Lernaean hydra bites you.
* * * LOW HITPOINT WARNING * * *
You block the 27-headed Lernaean hydra's attack.
PTOANNNG!
The 27-headed Lernaean hydra bites you.
You die...

########################
#...§'§....§§..#..+§§§§#
#.####.§§.§##..'..#§§§§##
#§#.###...#######'#§§§§§#####
'.#'#.###+#...##☼8#§§§§§#...#
###...#y#§##...#@)##§§§§#.∩§#
..#...###§§###.#.D≈###§##..§#
○.'.....##.#A#.#§.≈.|#§####'#
°.#.....#..###.#&§≈§##'#§§§.##
○○###++##.##...#§§§##.††.§§§.##
○###..###..#+###..≈#..§..§§§§.#
.####..###...# §§§##§§......§§##
'#..#..#.###.#M≈..#......).§...#
.#.....○...#.###§D#.........§§.#


You could see Lom Lobon (gusty) and the 27-headed Lernaean hydra.

Vanquished Creatures
  A lorocyproca (D)
  A deep elf annihilator (D)
  2 centaur warriors (D)
  3 demonic crawlers (D)
  Sonja (D)
  A lindwurm (D)
  A deep troll (D)
  An oklob plant (D)
  A shining eye (D)
  A merfolk siren (D)
  A gargoyle (D)
  7 unseen horrors (D)
  2 kobold demonologists (D)
  A hellwing (D)
  A hornet (D)
  Sigmund (D)
  A slime creature (D)
  A yak (D)
  13 hogs (D)
  2 redbacks (D)
  2 floating eyes (D)
  An ogre (D)
  7 necrophages (D)
  8 jellies (D)
  Ijyb (D)
62 creatures vanquished.

Vanquished Creatures (collateral kills)
  A golden dragon (D)
  A shadow dragon (D)
  A demonic crawler (D)
  7 shining eyes (D)
  4 floating eyes (D)
14 creatures vanquished.

Vanquished Creatures (others)
  A mummy priest (D)
  A hydra (D)
  An oklob plant (D)
  A merfolk siren (D)
  A gargoyle (D)
  4 hornets (D)
  A floating eye (D)
  2 ballistomycete spores (D)
12 creatures vanquished.

Grand Total: 88 creatures vanquished

Notes
Turn   | Place    | Note
-------+----------+-------------------------------------------
     0 | D        | sircluck the Troll Berserker began the quest for the Orb.
     0 | D        | Reached XP level 1. HP: 22/22 MP: 0/0
     1 | D        | Noticed Ijyb
    19 | D        | Killed Ijyb
    20 | D        | Reached skill level 4 in Unarmed Combat
    20 | D        | Reached XP level 2. HP: 32/32 MP: 1/1
    23 | D        | Noticed an ogre
    28 | D        | Killed an ogre
    29 | D        | Reached skill level 5 in Fighting
    29 | D        | Reached skill level 5 in Dodging
    29 | D        | Reached skill level 6 in Unarmed Combat
    29 | D        | Reached XP level 3. HP: 36/42 MP: 2/2
    29 | D        | Reached XP level 4. HP: 43/50 MP: 3/3
    46 | D        | Noticed Sigmund
    52 | D        | Killed Sigmund
    52 | D        | Reached ** piety under Trog
    53 | D        | Reached skill level 7 in Unarmed Combat
    53 | D        | Reached XP level 5. HP: 49/61 MP: 4/4
    53 | D        | Reached XP level 6. HP: 55/68 MP: 5/5
    78 | D        | Found an ornate altar of the Wu Jian Council.
    78 | D        | Found a shimmering blue altar of Sif Muna.
    79 | D        | Found a burning altar of Makhleb.
    79 | D        | Found a viscous altar of Jiyva.
    79 | D        | Found a shimmering altar of Xom.
    79 | D        | Found a corrupted altar of Lugonu.
    79 | D        | Noticed a slime creature
    84 | D        | Killed a slime creature
    85 | D        | Reached skill level 8 in Unarmed Combat
    89 | D        | Reached skill level 9 in Unarmed Combat
   125 | D        | Noticed a kobold demonologist
   125 | D        | Noticed a floating eye
   125 | D        | Noticed a kobold demonologist
   127 | D        | Noticed a neqoxec
   127 | D        | Killed a floating eye
   127 | D        | Reached *** piety under Trog
   128 | D        | Reached XP level 7. HP: 79/79 MP: 6/6
   130 | D        | Killed a kobold demonologist
   131 | D        | Reached skill level 10 in Unarmed Combat
   135 | D        | Noticed an ice devil
   136 | D        | Killed a kobold demonologist
   136 | D        | Reached **** piety under Trog
   137 | D        | Reached XP level 8. HP: 88/92 MP: 7/7
   146 | D        | Noticed a demonic crawler
   146 | D        | Noticed a demonic crawler
   146 | D        | Noticed a demonic crawler
   146 | D        | Noticed a demonic crawler
   148 | D        | Killed a demonic crawler
   149 | D        | Reached skill level 10 in Fighting
   149 | D        | Reached skill level 11 in Unarmed Combat
   152 | D        | Killed a demonic crawler
   153 | D        | Reached skill level 10 in Dodging
   153 | D        | Reached skill level 12 in Unarmed Combat
   153 | D        | Reached XP level 9. HP: 96/102 MP: 8/8
   155 | D        | Killed a demonic crawler
   156 | D        | Reached skill level 13 in Unarmed Combat
   217 | D        | Killed a demonic crawler
   258 | D        | Found a radiant altar of Vehumet.
   261 | D        | Noticed a centaur warrior
   262 | D        | Noticed a centaur warrior
   268 | D        | Killed a centaur warrior
   269 | D        | Reached XP level 10. HP: 86/115 MP: 9/9
   274 | D        | Killed a centaur warrior
   275 | D        | Reached skill level 14 in Unarmed Combat
   346 | D        | Noticed an oklob plant
   349 | D        | Killed an oklob plant
   356 | D        | Reached ***** piety under Trog
   435 | D        | Reached skill level 15 in Unarmed Combat
   436 | D        | Received a gift from Trog
   488 | D        | Paralysed by a floating eye for 4 turns
   494 | D        | Reached ****** piety under Trog
   522 | D        | Found Boato's Jewellery Shoppe.
   522 | D        | Found Pesimiuf's General Store.
   522 | D        | Found Tyakkus's Magic Scroll Boutique.
   524 | D        | Found Somu's Antique Armour Emporium.
   524 | D        | Found Votuinutt's Assorted Antiques.
   524 | D        | Found Ypeih's Book Shoppe.
   524 | D        | Found Juohie's Distillery.
   524 | D        | Found Nexzang's Armour Emporium.
   524 | D        | Found Tunico's Antique Weapon Shop.
   524 | D        | Found Jielihui's General Store.
   526 | D        | Found Isaufa's Antique Armour Boutique.
   527 | D        | Found Tioqesku's Assorted Antiques.
   527 | D        | Found Royts's Book Boutique.
   528 | D        | Found Manaffav's Weapon Emporium.
   583 | D        | Noticed a deep troll
   586 | D        | Killed a deep troll
   599 | D        | Found Keekiute's Armour Emporium.
   612 | D        | Noticed Sonja
   622 | D        | Killed Sonja
   622 | D        | Received a gift from Trog
   721 | D        | Found Ocubeurr's General Store.
   721 | D        | Found an ancient bone altar of Kikubaaqudgha.
   721 | D        | Found a stormy altar of Qazlal.
   721 | D        | Found a blossoming altar of Fedhas.
   721 | D        | Found a bloodstained altar of Trog.
   721 | D        | Found an iron altar of Okawaru.
   721 | D        | Found a glowing golden altar of the Shining One.
   721 | D        | Found a glowing silver altar of Zin.
   721 | D        | Found a white marble altar of Elyvilon.
   724 | D        | Reached XP level 11. HP: 127/127 MP: 10/10
   724 | D        | Found a hazy altar of Hepliaklqana.
   724 | D        | Found a hide-covered altar of Uskayaw.
   724 | D        | Found a basalt altar of Yredelemnul.
   724 | D        | Found a snail-covered altar of Cheibriados.
   724 | D        | Found a sacrificial altar of Ru.
   724 | D        | Found a shadowy altar of Dithmenos.
   725 | D        | Found an opulent altar of Gozag.
   726 | D        | Found a sparkling altar of Nemelex Xobeh.
   763 | D        | Found Ibaorrabru's Magic Scroll Boutique.
   771 | D        | Bought a scroll of revelation for 97 gold pieces
   774 | D        | Noticed a shining eye
   774 | D        | Noticed a shining eye
   774 | D        | Noticed a shining eye
   778 | D        | Killed a shining eye
   778 | D        | Gained mutation: You are clumsy. (Dex -2) [a shining eye]
   779 | D        | Killed a shining eye
   780 | D        | Reached skill level 16 in Unarmed Combat
   788 | D        | Killed a shining eye
   791 | D        | Noticed a shining eye
   791 | D        | Noticed a shining eye
   791 | D        | Noticed a shining eye
   791 | D        | Noticed a shining eye
   794 | D        | Killed a shining eye
   794 | D        | Received a gift from Trog
   794 | D        | Gained mutation: Armour fits poorly on your strangely
                  | shaped body. [a shining eye]
   795 | D        | Killed a shining eye
   797 | D        | Killed a shining eye
   798 | D        | Noticed a shining eye
   798 | D        | Killed a shining eye
   801 | D        | Killed a shining eye
   806 | D        | Found Lougau's Jewellery Shop.
   806 | D        | Found Wauleig's Jewellery Boutique.
   807 | D        | Found Qeefau's Distillery.
   808 | D        | Found Moczuoz's Jewellery Shoppe.
   830 | D        | Bought a potion of mutation for 88 gold pieces
   830 | D        | Bought a potion of mutation for 88 gold pieces
   830 | D        | Lost mutation: Armour fits poorly on your strangely shaped
                  | body. [potion of mutation]
   830 | D        | Lost mutation: You are clumsy. (Dex -2) [potion of
                  | mutation]
   830 | D        | Gained mutation: You expend magic power (3 MP) to
                  | strengthen your wands. [potion of mutation]
   831 | D        | Lost mutation: You expend magic power (3 MP) to strengthen
                  | your wands. [potion of mutation]
   831 | D        | Gained mutation: Your magical capacity is low. (-10% MP)
                  | [potion of mutation]
   831 | D        | Gained mutation: You have large cloven feet. [potion of
                  | mutation]
   831 | D        | Gained mutation: You are agile. (Dex +4, Str/Int -1)
                  | [potion of mutation]
   884 | D        | Noticed a lindwurm
   887 | D        | Killed a lindwurm
   914 | D        | Received a gift from Trog
   915 | D        | Reached skill level 17 in Unarmed Combat
   937 | D        | Received a gift from Trog
   941 | D        | Reached skill level 15 in Fighting
   979 | D        | Noticed a daeva
  1041 | D        | Bought the +18 shield of the Gong {Loud rN+ Will+ rCorr
                  | EV-5} for 1150 gold pieces
  1041 | D        | Found the +18 shield of the Gong {Loud rN+ Will+ rCorr
                  | EV-5}
  1112 | D        | Reached skill level 1 in Shields
  1120 | D        | Reached skill level 15 in Dodging
  1323 | D        | HP: 7/198 [something (26)]
  1324 | D        | Killed a lorocyproca
  1325 | D        | Reached XP level 12. HP: 9/143 MP: 0/9
  1333 | D        | HP: 6/143 [shot self (17)]
  1518 | D        | Killed a 12-headed hydra
  1849 | D        | Bought a manual of Shields for 1040 gold pieces
  2357 | D        | Found the +5 Force Lance {heavy, knockback}
  2357 | D        | Noticed a shadow dragon
  2357 | D        | Noticed a golden dragon
  2362 | D        | Killed a shadow dragon
  2363 | D        | Reached skill level 18 in Unarmed Combat
  2367 | D        | Killed a golden dragon
  2430 | D        | Found Lysoutenk's Assorted Antiques.
  2561 | D        | Bought a +1 cloak for 138 gold pieces
  2566 | D        | Bought a +1 robe of fire resistance for 152 gold pieces
  2601 | D        | Bought the +0 mask of the Dragon {Will+ Slay+3 SInv} for
                  | 835 gold pieces
  2601 | D        | Found the +0 mask of the Dragon {Will+ Slay+3 SInv}
  2697 | D        | Noticed a deep elf annihilator
  3357 | D        | Bought a ring of flight for 245 gold pieces
  3364 | D        | Bought an amulet of regeneration for 300 gold pieces
  3437 | D        | Identified the +9 glaive of Tuhac {spect, rPois}
  3437 | D        | Identified the ring of Okev {rPois Int+2 SInv}
  3441 | D        | Noticed a mummy priest
  3445 | D        | Killed a deep elf annihilator
  3445 | D        | Received a gift from Trog
  3459 | D        | Noticed Lom Lobon
  3465 | D        | Noticed the 27-headed Lernaean hydra
  3466 | D        | Killed a mummy priest
  3468 | D        | HP: 8/216 [the 27-headed Lernaean hydra (5)]
  3468 | D        | HP: 3/216 [the 27-headed Lernaean hydra (5)]
  3468 | D        | Slain by the 27-headed Lernaean hydra

Illustrated notes

Levels and vault maps discovered:
D:        dungeon_sprint_1 [red_sonja_temple_1, red_sonja_temple_small_1]

Skill      XL: |  1  2  3  4  5  6  7  8  9 10 11 12 |
---------------+-------------------------------------+-----
Fighting       | 3 5 6 7 9 10 11 13 15 | 15.9
Dodging        | 3 5 6 7 9 10 11 13 15 | 15.7
Unarmed Combat | 4 6 7 9 10 12 13 15 17 18 | 18.4
Shields        | 3 7 |  7.7

Action                     |  1- 3 |  4- 6 |  7- 9 | 10-12 || total
---------------------------+-------+-------+-------+-------++-------
  Melee: Unarmed           |    21 |    11 |    27 |   128 ||   187
         Punch             |       |       |     1 |    10 ||    11
         Kick              |       |       |       |    17 ||    17
 Invoke: Berserk           |       |       |     2 |     2 ||     4
         Brothers in Arms  |       |       |     1 |     7 ||     8
         Trog's Hand       |       |       |     1 |     1 ||     2
  Evoke: Tin of tremorston |       |       |       |     2 ||     2
    Use: Scroll            |       |       |     1 |       ||     1
         Potion            |       |       |       |     6 ||     6
 Armour: Skin              |     2 |       |       |       ||     2
         Animal skin       |     1 |     6 |    31 |   164 ||   202
         Robe              |       |       |       |    20 ||    20
  Dodge: Dodged            |    14 |     1 |    12 |    39 ||    66
  Block: Kite shield       |       |       |       |    42 ||    42

Table legend: (Time is in decaauts)
 A = Elapsed time spent in this place.
 B = Non-inter-level travel time spent in this place.
 C = Inter-level travel time spent in this place.
 D = Time resting spent in this place.
 E = Time spent auto-exploring this place.
 F = Levels seen in this place.
 G = Mean time per level.
                   A        B        C        D        E       F      G
               +--------+--------+--------+--------+--------+-----+--------+
         Total |   3458 |   3154 |    304 |   1492 |    748 |   1 | 3458.0 |
       Dungeon |   3458 |   3154 |    304 |   1492 |    748 |   1 | 3458.0 |
               +--------+--------+--------+--------+--------+-----+--------+

Top non-repeatable levels by time:
       D: 3458 daAuts
